 Dungeon Crawl Stone Soup version 0.29.1-13-g9f3cf754e1 (webtiles) character file.

Game seed: 8107409728248271246

37350 Priul the Eclecticist (level 13, -10/65 HPs)
             Began as a Deep Elf Conjurer on Feb 8, 2023.
             Was an Elder of Sif Muna.
             Mangled by a komodo dragon (75 damage)
             ... on level 5 of the Lair of Beasts on Feb 9, 2023.
             The game lasted 01:57:15 (22488 turns).

Priul the Eclecticist (Deep Elf Conjurer)          Turns: 22488, Time: 01:57:16

Health: -10/65     AC: 14    Str:  4    XL:     13   Next: 57%
Magic:  35/37      EV:  2    Int: 29    God:    Sif Muna [****..]
Gold:   729        SH:  0    Dex: 13    Spells: 2/49 levels left

rFire   . . .      SeeInvis .   T - staff of conjuration
rCold   . . .      Faith    .   (no shield)
rNeg    . . .      Spirit   .   l - +0 steam dragon scales
rPois   .          Reflect  +   J - +1 helmet
rElec   .          Harm     .   c - +1 cloak
rCorr   .          Rampage  +   K - +0 pair of gloves
Will    +....      Rnd*Tele +   V - +0 pair of boots {rampage}
Stlth   +++.......              n - amulet of reflection
HPRegen 0.20/turn               S - ring of wizardry
MPRegen 0.25/turn               p - +4 ring of protection

@: sleeping
A: iridescent scales 1, deformed body, sense surroundings 1, teleportitis 1
a: Renounce Religion, Channel Magic, Forget Spell, Divine Exegesis


You were on level 5 of the Lair of Beasts.
You worshipped Sif Muna.
Sif Muna was greatly pleased with you.
You visited 3 branches of the dungeon, and saw 17 of its levels.

You collected 978 gold pieces.
You spent 249 gold pieces at shops.

Inventory:

Hand Weapons
 B - the +5 sling of Jaur {flame, rF+ Will+}
   (You found it on level 4 of the Dungeon)

   Any ammunition fired from it burns those it strikes, dealing additional fire
   damage.
   rF:        It protects you from fire.
   Will:      It increases your willpower.
 E - the +9 rapier of a Million Moons {venom, Will+ Str+3 SInv}
   (You found it on level 5 of the Lair of Beasts)

   It poisons the flesh of those it strikes.
   Str:       It affects your strength (+3).
   SInv:      It lets you see invisible.
   Will:      It increases your willpower.
 R - the +11 quarterstaff "Cianki" {venom, rF+ rC- Int+3}
   (You found it on level 8 of the Dungeon)

   It poisons the flesh of those it strikes.
   Int:       It affects your intelligence (+3).
   rF:        It protects you from fire.
   rC:        It makes you vulnerable to cold.
Missiles
 h - 10 javelins
 t - 31 poisoned darts
 G - a throwing net
Armour
 c - a +1 cloak (worn)
 l - +0 steam dragon scales (worn)
 A - a +2 robe of fire resistance
 I - a +2 robe of willpower
 J - a +1 helmet (worn)
 K - a +0 pair of gloves (worn)
 V - a +0 pair of boots of rampaging (worn)
Magical Staves
 i - a staff of earth
 M - a staff of air
 T - a staff of conjuration (weapon)
 U - a staff of cold
Jewellery
 f - a ring of see invisible
 n - an amulet of reflection (around neck)
 p - a +4 ring of protection (right hand)
 S - a ring of wizardry (left hand)
 W - an amulet of faith
 X - a ring of flight
Wands
 a - a wand of acid (17) (quivered)
 x - a wand of paralysis (23)
 z - a wand of flame (89)
 C - a wand of polymorph (3)
 F - a wand of digging (6)
Scrolls
 g - 13 scrolls of vulnerability
 k - 3 scrolls of enchant armour
 m - 6 scrolls of poison
 o - 3 scrolls of fear
 q - 6 scrolls of teleportation
 u - 4 scrolls of noise
 v - 2 scrolls of blinking
 y - 5 scrolls of immolation
 L - 4 scrolls of butterflies
 N - 2 scrolls of amnesia
 O - a scroll of identify
 Q - a scroll of summoning
 Y - 2 scrolls of silence
Potions
 b - 4 potions of magic
 d - 5 potions of curing
 e - 7 potions of attraction
 j - 2 potions of flight
 s - a potion of brilliance
 w - a potion of lignification
 D - 2 potions of heal wounds
 H - 2 potions of invisibility
 P - a potion of ambrosia
 Z - 3 potions of haste
Miscellaneous
 r - a tin of tremorstones (2/2)


   Skills:
 + Level 1.5 Fighting
 + Level 0.3 Throwing
 + Level 6.4 Dodging
 + Level 5.7 Stealth
 + Level 3.1 Shields
 + Level 18.7 Spellcasting
 + Level 14.9 Conjurations
 + Level 3.9 Hexes
 + Level 3.8 Translocations
 + Level 4.7 Fire Magic
 + Level 9.3 Earth Magic
 + Level 0.4 Evocations


You had 2 spell levels left.
You knew the following spells:

 Your Spells              Type           Power      Damage    Failure   Level
a - Magic Dart            Conj           100%       1d8       0%          1
b - Searing Ray           Conj           100%       2d8       0%          2
c - Stone Arrow           Conj/Erth      100%       3d13      1%          3
d - Dazzling Flash        Conj/Hex       100%       N/A       1%          3
e - Fulminant Prism       Conj/Hex       44%        3d20      1%          4
f - Flame Wave            Conj/Fire      90%        2d19      1%          4
g - Iskenderun's Mystic   Conj/Tloc      89%        2d17      1%          4
h - Fireball              Conj/Fire      45%        3d18      1%          5
i - Leda's Liquefaction   Hex/Erth       30%        N/A       1%          4
j - Conjure Ball Lightni  Conj/Air       40%        3x3d13    4%          6
k - Iron Shot             Conj/Erth      49%        9d9       1%          6
l - Iskenderun's Battles  Conj           100%       2d15      1%          5

Your spell library contained the following spells:

 Spells                   Type           Power      Damage    Failure   Level
 Sandblast                Erth           100%       2d20      1%          1
 Sting                    Tmut/Pois      100%       1d8       1%          1
 Blink                    Tloc           98%        N/A       1%          2
 Passwall                 Tmut/Erth      44%        N/A       1%          2
 Poisonous Vapours        Pois/Air       54%        N/A       1%          2
 Call Canine Familiar     Summ           27%        N/A       1%          3
 Conjure Flame            Conj/Fire      90%        6-21      1%          3
 Gell's Gravitas          Tloc           49%        N/A       1%          3
 Inner Flame              Hex/Fire       51%        N/A       1%          3
 Lesser Beckoning         Tloc           49%        N/A       1%          3
 Mephitic Cloud           Conj/Pois/Air  71%        N/A       1%          3
 Portal Projectile        Hex/Tloc       98%        N/A       1%          3
 Teleport Other           Tloc           49%        N/A       1%          3
 Tukima's Dance           Hex            50%        N/A       1%          3
 Animate Armour           Summ/Erth      100%       N/A       1%          4
 Cause Fear               Hex            25%        N/A       1%          4
 Freezing Cloud           Conj/Ice/Air   35%        6-21      2%          5
 Manifold Assault         Tloc           49%        N/A       3%          5
 Corpse Rot               Necr/Pois/Air  27%        N/A       6%          4
 Olgreb's Toxic Radiance  Pois           27%        N/A       6%          4
 Blade Hands              Tmut           13%        N/A       16%         5
 Dispersal                Tloc           24%        N/A       19%         6
 Lehudib's Crystal Spear  Conj/Erth      49%        10d12     26%         8
 Discord                  Hex            25%        N/A       100%        8


Dungeon Overview and Level Annotations

Branches:
Dungeon (11/15)            Temple (1/1) D:4            Lair (5/5) D:9
 Shoals (0/4) Lair:3       Spider (0/4) Lair:2        Slime (0/5) Lair:5
    Orc (0/2) D:9

Altars:
Ashenzari
Elyvilon
Fedhas
Gozag
Makhleb
Nemelex Xobeh
Okawaru
Qazlal
Ru
Sif Muna
Vehumet
Wu Jian
Yredelemnul
Zin
The Shining One
Lugonu

Shops:
D:1 *   D:3 ?   D:4 *   D:6 [[*(:

Portals:
Abyss: D:9

Annotations:
D:8 Gastronok
Lair:3 1 runed translucent door, hawkwood's ghost, journeyman DgAr


Innate Abilities, Weirdness & Mutations

You are partially covered in iridescent scales. (AC +2)
Armour fits poorly on your strangely shaped body.
You passively map a small area around you.
You are occasionally teleported next to monsters.


Message History

You finish channelling waves of flame.
Casting: Flame Wave (safe; 1% risk of failure)
Confirm with . or Enter, or press ? or * to list all spells.
Okay, then.
Unknown command.
Casting: Flame Wave (safe; 1% risk of failure)
Confirm with . or Enter, or press ? or * to list all spells.
Aiming: Stone Arrow (safe; 1% risk of failure)
Press: ? - help, Shift-Dir - straight line, f - jelly
Aim: a jelly (severely wounded, 100% to hit)
You feel a surge of power!
The stone arrow hits the jelly.
You kill the jelly!
Sif Muna accepts your kill.
There is an open translucent door here.
There is a staircase to the Slime Pits here.
Your battlesphere wavers and loses cohesion.
There is an open translucent door here.
You feel strangely unstable.
You are yanked towards some nearby monsters!
Your surroundings suddenly seem different. 2 dream sheep and a komodo dragon come into view.
Found a potion of brilliance.
The dream sheep bleats!
You hear a bleat!
The dream sheep bleats!
A dream sheep comes into view.
Casting: Stone Arrow (safe; 1% risk of failure)
Confirm with . or Enter, or press ? or * to list all spells.
Aiming: Stone Arrow (safe; 1% risk of failure)
Press: ? - help, Shift-Dir - straight line, f - komodo dragon
Aim: a komodo dragon (asleep, 100% to hit)
You feel a surge of power!
The stone arrow hits the komodo dragon!
The komodo dragon is moderately wounded.
The komodo dragon hisses angrily.
The dream sheep bleats!
You hear a bellow!
A dream sheep comes into view.
The dream sheep are wreathed in dream dust.
You feel drowsy...
You fall asleep.
A death yak comes into view.
A dream sheep comes into view.
A death yak comes into view.
The komodo dragon bites you!!!!
Ouch! That really hurt!
You die...

## #.### *
##...##* #..@l.#
, #.........# ,,
, ,
,....YY.....Y...
,
...#.........#.
..Y.....!..#...,
..YP........ ..
, ,
.Y..P........,.
.###......##.. ,
*


You could see a death yak, a komodo dragon and 5 dream sheep.

Vanquished Creatures
  Snorg (Lair:4)
  Erica (Lair:1)
  5 hydras
  A boulder beetle (Lair:4)
  A two-headed ogre (D:11)
  4 death yaks (Lair:4)
  Urug (Lair:5)
  4 lindwurms (D:8)
  A deep elf pyromancer (D:11)
  A cyclops (D:11)
  3 merfolk sirens (Lair:3)
  3 black mambas
  A torpor snail (Lair:5)
  6 cane toads
  Maggie (D:7)
  3 rime drakes
  9 komodo dragons
  A hornet (D:9)
  A troll (D:10)
  A merfolk (Lair:3)
  Grinder (D:5)
  12 dream sheep
  5 polar bears
  14 blink frogs
  6 slime creatures (D:10)
  Sigmund (D:5)
  A vampire (D:10)
  A culicivora (Lair:2)
  4 wyverns
  16 yaks
  Grum (D:8)
  5 steam dragons
  18 water moccasins
  Edmund (D:5)
  2 acid dragons
  An orc warrior (D:8)
  2 sky beasts
  2 ice beasts
  2 black bears
  An ogre (D:6)
  3 wolves (D:8)
  2 centaurs
  A phantom (D:6)
  3 kobold brigands
  Blork the orc (D:4)
  11 bullfrogs
  3 scorpions
  A gnoll sergeant (D:8)
  15 wights
  5 killer bees (D:8)
  6 howler monkeys
  2 orc priests (D:7)
  3 jellies (Lair:5)
  A gnoll bouda (D:6)
  Crazy Yiuf (D:6)
  2 hounds (D:7)
  Jessica (D:3)
  3 iguanas
  Ijyb (D:4)
  Natasha (thrice) (D:2)
  5 orc wizards
  19 hell rats
  21 gnolls
  8 adders
  12 river rats (Lair:1)
  2 shadow imps
  2 ufetubi
  3 worms
  4 dart slugs (D:2)
  12 orcs
  5 ball pythons
  6 bats
  13 endoplasms
  2 giant cockroaches
  9 goblins
  12 hobgoblins
  10 jackals
  16 kobolds
  8 quokkas
  7 frilled lizards
  22 rats
  2 lurking horrors (D:9)
413 creatures vanquished.

Vanquished Creatures (others)
  10 fulminant prisms
  21 fungi
  27 plants
  2 withered plants (Lair:3)
60 creatures vanquished.

Grand Total: 473 creatures vanquished

Notes
Turn   | Place    | Note
-------+----------+-------------------------------------------
     0 | D:1      | Priul the Deep Elf Conjurer began the quest for the Orb.
     0 | D:1      | Reached XP level 1. HP: 10/10 MP: 6/6
   135 | D:1      | Found a faded altar of an unknown god.
   185 | D:1      | Reached XP level 2. HP: 15/15 MP: 0/8
   485 | D:1      | Reached skill level 5 in Conjurations
   519 | D:1      | Learned a level 2 spell: Searing Ray
   853 | D:1      | Reached XP level 3. HP: 17/19 MP: 5/9
  1032 | D:1      | Found Ofawnosi's General Store.
  1680 | D:2      | Reached skill level 4 in Spellcasting
  1792 | D:2      | Reached XP level 4. HP: 24/24 MP: 8/12
  2067 | D:2      | Noticed Natasha
  2073 | D:2      | Killed Natasha
  2499 | D:2      | Reached XP level 5. HP: 28/28 MP: 10/14
  2499 | D:2      | Noticed Natasha
  2504 | D:2      | Killed Natasha
  2505 | D:2      | Reached skill level 5 in Spellcasting
  2725 | D:2      | Noticed Natasha
  2727 | D:2      | Killed Natasha
  2898 | D:3      | Noticed an ice beast
  2903 | D:3      | Killed an ice beast
  2904 | D:3      | Reached XP level 6. HP: 32/32 MP: 8/16
  2975 | D:3      | Got Pyekhej's Verses on Arcane Weapons
  2994 | D:3      | Learned a level 3 spell: Stone Arrow
  2998 | D:3      | Learned a level 3 spell: Dazzling Flash
  3178 | D:3      | Noticed Jessica
  3182 | D:3      | Killed Jessica
  3183 | D:3      | Reached skill level 6 in Spellcasting
  3325 | D:3      | Found Sunil's Magic Scroll Emporium.
  3344 | D:3      | Bought a scroll of blinking for 97 gold pieces
  3344 | D:3      | Bought a scroll of identify for 26 gold pieces
  3828 | D:4      | Noticed Ijyb
  3834 | D:4      | Killed Ijyb
  3944 | D:4      | Noticed Blork the orc
  3948 | D:4      | Killed Blork the orc
  4098 | D:4      | Found a glowing golden altar of the Shining One.
  4101 | D:4      | Found a burning altar of Makhleb.
  4101 | D:4      | Found a stormy altar of Qazlal.
  4101 | D:4      | Found an ornate altar of the Wu Jian Council.
  4121 | D:4      | Found an iron altar of Okawaru.
  4121 | D:4      | Found a sparkling altar of Nemelex Xobeh.
  4122 | D:4      | Found a blossoming altar of Fedhas.
  4161 | D:4      | Identified the +5 sling of Jaur {flame, rF+ Will+}
  4310 | D:4      | Reached XP level 7. HP: 36/36 MP: 11/19
  4400 | D:4      | Found Narrah's Elemental Accessories.
  4551 | D:4      | Reached skill level 7 in Spellcasting
  4587 | D:4      | Found a staircase to the Ecumenical Temple.
  4596 | Temple   | Entered the Ecumenical Temple
  4620 | Temple   | Became a worshipper of Sif Muna the Loreminder
  4704 | D:4      | Found a basalt altar of Yredelemnul.
  4705 | D:4      | Found a sacrificial altar of Ru.
  4936 | D:5      | Entered Level 5 of the Dungeon
  5487 | D:5      | Noticed Grinder
  5490 | D:5      | Paralysed by Grinder for 3 turns
  5496 | D:5      | Killed Grinder
  5497 | D:5      | Reached skill level 8 in Spellcasting
  5499 | D:5      | Reached XP level 8. HP: 35/41 MP: 9/22
  5544 | D:5      | Learned a level 4 spell: Fulminant Prism
  5549 | D:5      | Learned a level 4 spell: Flame Wave
  5554 | D:5      | Learned a level 4 spell: Iskenderun's Mystic Blast
  5650 | D:5      | Noticed Edmund
  5655 | D:5      | Killed Edmund
  5656 | D:5      | Reached skill level 9 in Spellcasting
  5656 | D:5      | Reached skill level 1 in Earth Magic
  5798 | D:5      | Noticed Sigmund
  5808 | D:5      | Killed Sigmund
  6631 | D:6      | Reached skill level 10 in Spellcasting
  6631 | D:6      | Reached skill level 1 in Hexes
  6878 | D:6      | Found Votul's Armour Shop.
  6892 | D:6      | Bought a +0 helmet for 63 gold pieces
  6892 | D:6      | Bought a +0 pair of gloves for 63 gold pieces
  6966 | D:6      | Found Humpirr's Antique Armour Shoppe.
  6995 | D:6      | Reached XP level 9. HP: 46/46 MP: 17/25
  7279 | D:6      | Reached * piety under Sif Muna
  7384 | D:6      | Found Atiop's Antique Weapon Shop.
  7505 | D:6      | Found a broken altar of Ashenzari.
  7639 | D:6      | Reached skill level 11 in Spellcasting
  7847 | D:6      | Found Basig's General Store.
  8011 | D:6      | Found a runed translucent door.
  8012 | D:6      | Noticed Crazy Yiuf
  8019 | D:6      | Killed Crazy Yiuf
  8181 | D:6      | Found Sygeojar's Book Shoppe.
  8324 | D:7      | Reached skill level 10 in Conjurations
  8948 | D:7      | Reached skill level 12 in Spellcasting
  9171 | D:7      | Noticed Maggie
  9180 | D:7      | Killed Maggie
  9490 | D:7      | Reached skill level 1 in Shields
  9615 | D:8      | Noticed Gastronok
  9625 | D:7      | Learned a level 5 spell: Fireball
  9625 | D:7      | Gained mutation: Armour fits poorly on your strangely
                  | shaped body. [potion of mutation]
  9625 | D:7      | Gained mutation: You are occasionally teleported next to
                  | monsters. [potion of mutation]
  9625 | D:7      | Gained mutation: You are partially covered in iridescent
                  | scales. (AC +2) [potion of mutation]
  9625 | D:7      | Gained mutation: You passively map a small area around you.
                  | [potion of mutation]
 10027 | D:8      | Reached XP level 10. HP: 37/51 MP: 11/28
 10027 | D:8      | Reached ** piety under Sif Muna
 10505 | D:8      | Reached skill level 1 in Fire Magic
 10532 | D:8      | Identified the +11 quarterstaff "Cianki" {venom, rF+ rC-
                  | Int+3}
 10686 | D:8      | Noticed Grum
 10691 | D:8      | Killed Grum
 10693 | D:8      | Reached skill level 13 in Spellcasting
 11044 | D:8      | Noticed a lindwurm
 11048 | D:8      | Noticed a lindwurm
 11049 | D:8      | Killed a lindwurm
 11049 | D:8      | Noticed a lindwurm
 11104 | D:8      | Noticed a lindwurm
 11110 | D:8      | Killed a lindwurm
 11113 | D:8      | Killed a lindwurm
 11114 | D:8      | Reached skill level 1 in Translocations
 11214 | D:8      | Killed a lindwurm
 11215 | D:8      | Reached skill level 5 in Stealth
 11215 | D:8      | Reached skill level 14 in Spellcasting
 11523 | D:9      | Found a staircase to the Orcish Mines.
 11540 | D:9      | Found a staircase to the Lair.
 11800 | D:8      | Reached skill level 5 in Dodging
 12136 | D:9      | Found a one-way gate to the infinite horrors of the Abyss.
 12139 | D:9      | Found a corrupted altar of Lugonu.
 12533 | D:9      | Reached skill level 5 in Earth Magic
 12888 | D:10     | Entered Level 10 of the Dungeon
 13108 | D:10     | Reached XP level 11. HP: 55/55 MP: 10/31
 13454 | D:10     | Reached *** piety under Sif Muna
 13460 | D:10     | Learned a level 4 spell: Leda's Liquefaction
 13464 | D:10     | Learned a level 3 spell: Tukima's Dance
 14061 | D:10     | Found a white marble altar of Elyvilon.
 14516 | D:11     | Noticed a two-headed ogre
 14521 | D:11     | Killed a two-headed ogre
 14522 | D:11     | Reached skill level 1 in Fighting
 14522 | D:11     | Reached skill level 15 in Spellcasting
 14758 | D:11     | Noticed a deep elf pyromancer
 14768 | D:11     | Killed a deep elf pyromancer
 14996 | D:11     | Noticed a boulder beetle
 15068 | Lair:1   | Entered Level 1 of the Lair of Beasts
 15356 | Lair:1   | Noticed an eight-headed hydra
 15360 | Lair:1   | Killed an eight-headed hydra
 15373 | Lair:1   | Reached skill level 16 in Spellcasting
 15513 | Lair:1   | Noticed Erica
 15516 | Lair:1   | Killed Erica
 15757 | Lair:1   | Reached XP level 12. HP: 50/58 MP: 9/34
 15945 | Lair:1   | Reached **** piety under Sif Muna
 16808 | Lair:2   | Noticed a four-headed hydra
 17398 | Lair:2   | Killed a four-headed hydra
 17786 | Lair:2   | Found a hole to the Spider Nest.
 18486 | Lair:3   | Found a staircase to the Shoals.
 18492 | Lair:3   | Reached skill level 17 in Spellcasting
 19092 | Lair:3   | Found a runed translucent door.
 19093 | Lair:3   | Noticed hawkwood's ghost (journeyman DgAr)
 19669 | Lair:4   | Noticed Snorg
 19676 | Lair:4   | Killed Snorg
 20037 | Lair:4   | Noticed an eight-headed hydra
 20042 | Lair:4   | HP: 3/61 [eight-headed hydra (7)]
 20381 | Lair:4   | Killed an eight-headed hydra
 20382 | Lair:4   | Reached XP level 13. HP: 65/65 MP: 19/36
 20600 | Lair:4   | Reached skill level 18 in Spellcasting
 20853 | Lair:4   | Reached ***** piety under Sif Muna
 21668 | Lair:5   | Entered Level 5 of the Lair of Beasts
 21728 | Lair:5   | Received a gift from Sif Muna
 21733 | Lair:5   | Got Sif Muna's Anthology of Chilled Arcane Weapons {god
                  | gift}
 21741 | Lair:5   | Learned a level 6 spell: Iron Shot
 21747 | Lair:5   | Learned a level 5 spell: Iskenderun's Battlesphere
 21851 | Lair:5   | Noticed Urug
 21975 | Lair:5   | Killed Urug
 22191 | Lair:5   | Learned a level 6 spell: Conjure Ball Lightning
 22280 | Lair:5   | Identified the +9 rapier of a Million Moons {venom, Will+
                  | Str+3 SInv}
 22296 | Lair:5   | Identified the +5 flail of Narrow Duty {flame, Str+3}
 22343 | Lair:5   | Found a runed translucent door.
 22357 | Lair:5   | Found a staircase to the Slime Pits.
 22488 | Lair:5   | Mangled by a komodo dragon

Illustrated notes

Levels and vault maps discovered:
D:1:      nagdon_arrival_double_spiral, layout_loops_corners, serial_shops,
          shop, ebering_ecumenical_altar_abandoned, minmay_misc_feat_rugged
D:2:      layout_loops_ring, grunt_decor_cap, minmay_circled_x, uniq_natasha
D:3:      layout_basic, serial_shops, shop_scrolls, nicolae_eternal_life,
          uniq_jessica
D:4:      layout_loops_ring, grunt_temple_overflow_open,
          nicolae_overflow_hidden_temple, minmay_temple_entry_antechambers,
          nicolae_elemental_shop, solitary_fountain, uniq_blork_the_orc,
          uniq_ijyb
D:5:      layout_basic, sigmund_edmund_badplayer, uniq_grinder, uniq_edmund
D:6:      layout_basic, lemuel_doored_altar, serial_shops, nicolae_square_shop,
          nicolae_diamond_shop, nicolae_shop_stone, kennysheep_little_box,
          nicolae_inconvenience_store, uniq_crazy_yiuf_cottage
D:7:      layout_cave_pods, mrwooster_statue_mirror, nicolae_hexahallways,
          dreamdust_gnoll_farm, uniq_maggie
D:8:      layout_cave_pools, minmay_lindwurm_lava, uniq_grum, uniq_gastronok
D:9:      layout_irregular_city, lair_entry_dummy, orc_0_dummy,
          amcnicky_altar_lugonu_corruption
D:10:     layout_layer_cave, elyvilon_altar_3
D:11:     layout_basic, worms_lemuel
Temple:   jpeg_temple_clearing
Lair:1:   lemuel_ratsnest, layout_big_grid, guppyfry_lair_drakes,
          serial_bayou_shore_b, grunt_megastairs_5, lemuel_fruit_tree,
          uniq_erica
Lair:2:   layout_regular_city, spider_nest_entry_rubble, gauntlet_entry_generic,
          nicolae_lair_grove_arrangements, grunt_megastairs_3
Lair:3:   hellmonk_destroyed_diamonds, layout_loops_ring,
          elwin_shoals_entry_stream, gammafunk_ghost_grave,
          dreamdust_mushroom_princess
Lair:4:   layout_cave_pods, infiniplex_staircase_pool_2, uniq_snorg
Lair:5:   cheibrodos_lair_end_hotspot, layout_gridlike, slime_entry_2, uniq_urug

Skill      XL: |  1  2  3  4  5  6  7  8  9 10 11 12 13 |
---------------+----------------------------------------+-----
Conjurations   | 5 6 7 8 9 10 11 12 14 | 14.9
Spellcasting   | 4 5 6 8 10 12 14 16 17 18 | 18.7
Stealth        | 3 4 5 |  5.7
Dodging        | 3 4 5 6 |  6.4
Earth Magic    | 1 3 5 6 8 9 |  9.3
Hexes          | 2 3 |  3.9
Shields        | 1 2 3 |  3.1
Fire Magic     | 2 3 4 |  4.7
Translocations | 1 2 3 |  3.8
Fighting       | 1 |  1.5
Throwing       | |  0.3
Evocations     | |  0.4

Action                   |  1- 3 |  4- 6 |  7- 9 | 10-12 | 13-15 || total
-------------------------+-------+-------+-------+-------+-------++-------
Melee: Staff             |       |       |       |     3 |     2 ||     5
Throw: Dart              |       |       |     2 |       |       ||     2
 Cast: Magic Dart        |    81 |   105 |   127 |    79 |     2 ||   394
       Searing Ray       |     1 |    11 |    36 |    30 |       ||    78
       Stone Arrow       |       |     4 |    20 |   149 |    40 ||   213
       Fulminant Prism   |       |       |     9 |     1 |       ||    10
       Dazzling Flash    |       |       |     3 |       |       ||     3
       Iskenderun's Myst |       |       |     4 |    29 |     7 ||    40
       Fireball          |       |       |     1 |    47 |    10 ||    58
       Flame Wave        |       |       |     1 |     2 |     5 ||     8
       Tukima's Dance    |       |       |       |     3 |       ||     3
       Iron Shot         |       |       |       |       |     7 ||     7
       Iskenderun's Batt |       |       |       |       |     4 ||     4
Invok: Forget Spell      |       |       |       |       |     1 ||     1
Evoke: Wand              |       |       |       |     3 |       ||     3
  Use: Scroll            |       |     7 |     5 |    11 |       ||    23
       Potion            |       |       |     1 |     1 |       ||     2
Armor: Robe              |     3 |     4 |    17 |       |       ||    24
       Steam dragon scal |       |       |     1 |    36 |     2 ||    39
Dodge: Dodged            |    25 |     6 |    30 |    83 |     8 ||   152
Block: Other             |       |       |    10 |    31 |     5 ||    46
       Reflection        |       |       |     1 |     1 |     1 ||     3
